 Dungeon Sprint DCSS version 0.23-a0-147-g7935be9 (webtiles) character file.

883 Fang the Cleaver (level 8, -4/57 HPs)
             Began as a Gargoyle Berserker on Sept 6, 2018.
             Was an Elder of Trog.
             Slain by an eight-headed hydra (12 damage)
             ... in the Dungeon (Sprint VII: "The Pits").
             The game lasted 00:02:33 (910 turns).

Fang the Cleaver (Gargoyle Berserker)                Turns: 910, Time: 00:02:34

Health: -4/57      AC:  7    Str: 23    XL:     8   Next: 5%
Magic:  8/8        EV: 14    Int:  8    God:    Trog [****..]
Gold:   0          SH:  0    Dex:  9    Spells: 7/7 levels left

rFire    . . .     SeeInvis .   o - +2 battleaxe (holy)
rCold    . . .     Gourm    .   (shield currently unavailable)
rNeg     + . .     Faith    .   b - +0 animal skin
rPois    ∞         Spirit   .   (no helmet)
rElec    +         Reflect  .   (no cloak)
rCorr    .         Harm     .   (no gloves)
MR       .....     NoTele   +   (no boots)
Stlth    +++.......             (no amulet)
HPRegen  0.19/turn              (no ring)
MPRegen  0.11/turn              (no ring)

@: no status effects
A: negative energy resistance 1, electricity resistance, unbreathing,
petrification resistance, rot immunity, AC +5
a: Berserk, Trog's Hand, Brothers in Arms, Renounce Religion


You were in the Dungeon.
You worshipped Trog.
Trog was greatly pleased with you.
You were very hungry.

You visited 1 branch

Inventory:

Hand Weapons
 j - a +2 hand axe
 m - a +2 hand axe of chopping
 o - a +2 battleaxe of holy wrath (weapon)
Armour
 b - a +0 animal skin (worn)
Scrolls
 i - a scroll of blinking
 k - 3 scrolls of remove curse
 l - a scroll of summoning
Potions
 a - 2 potions of invisibility
 d - 6 potions of curing
 e - 4 potions of heal wounds
 f - a potion of haste
 g - 4 potions of magic
 h - 3 potions of berserk rage
Comestibles
 c - 9 rations
 n - a chunk of flesh


   Skills:
 + Level 10.1 Fighting
 + Level 10.9 Axes
 + Level 3.5 Armour
 + Level 6.2 Dodging
 + Level 5.6 Stealth


You had 7 spell levels left.
You didn't know any spells.
Your spell library was empty.

Dungeon Overview and Level Annotations

Branches:
Dungeon (1/1)

Altars:
Cheibriados
Dithmenos
Elyvilon
Fedhas
Gozag
Hepliaklqana
Makhleb
Nemelex Xobeh
Okawaru
Qazlal
Ru
Sif Muna
Trog
Vehumet
Wu Jian
Xom
Yredelemnul
Zin
The Shining One
Beogh
Jiyva
Lugonu


Innate Abilities, Weirdness & Mutations

You are resistant to torment.
Your stone body is resilient. (AC +5)
You are immune to poison.
You resist negative energy. (rN+)
You are resistant to electric shocks. (rElec)
You can survive without breathing.
You are immune to petrification.
You are immune to rotting.


Message History

The eight-headed hydra bites you!
* * * LOW HITPOINT WARNING * * *
The eight-headed hydra closely misses you.
The eight-headed hydra bites you.
* * * LOW HITPOINT WARNING * * *
The eight-headed hydra misses you.
Your ogre hits the eight-headed hydra with a giant spiked club!!
The freezing wraith hits your ogre. The freezing wraith freezes your ogre!
The freezing wraith barely misses your ogre.
Something hits your ogre. Something shocks your ogre.
Your ogre closely misses the freezing wraith.
The freezing wraith hits your ogre. The freezing wraith freezes your ogre!!
Your ogre dies!
Your ogre's corpse disappears in a puff of smoke!
Unknown command.
The eight-headed hydra barely misses you.
The eight-headed hydra bites you but does no damage. x2
The eight-headed hydra completely misses you.
The eight-headed hydra bites you!
You die...

#†#....))[.##......
#.#...)))[.##......
#'###########......
#.......#.. #######
#..###..#.# ####
#.......#.#....#
##.###.##§#....#
#.......#.'....+
#.@###W.#)#....#
#..D..{.'.# ...#
########### ###


You could see an eight-headed hydra.

Vanquished Creatures
  A deep elf mage (D)
  Prince Ribbit (D)
  A floating eye (D)
  A bullfrog (D)
  2 worker ants (D)
  A gnoll (D)
  An adder (D)
  2 white imps (D)
  2 worms (D)
  A leopard gecko (D)
  3 orcs (D)
  2 giant cockroaches (D)
  3 hobgoblins (D)
  A ball python (D)
  A frilled lizard (D)
  A kobold (D)
24 creatures vanquished.

Notes
Turn   | Place    | Note
-------+----------+-------------------------------------------
     0 | D        | Fang the Gargoyle Berserker began the quest for the Orb.
     0 | D        | Reached XP level 1. HP: 14/14 MP: 1/1
    19 | D        | Found a bloodstained altar of Trog.
    19 | D        | Found a deep blue altar of Sif Muna.
    19 | D        | Found a viscous altar of Jiyva.
    19 | D        | Found a hazy altar of Hepliaklqana.
    19 | D        | Found an opulent altar of Gozag.
    20 | D        | Found a glowing golden altar of the Shining One.
    20 | D        | Found a glowing silver altar of Zin.
    20 | D        | Found a basalt altar of Yredelemnul.
    20 | D        | Found a shimmering altar of Xom.
    20 | D        | Found an ornate altar of the Wu Jian Council.
    20 | D        | Found a sacrificial altar of Ru.
    20 | D        | Found a stormy altar of Qazlal.
    20 | D        | Found an iron altar of Okawaru.
    20 | D        | Found a sparkling altar of Nemelex Xobeh.
    20 | D        | Found a burning altar of Makhleb.
    20 | D        | Found a blossoming altar of Fedhas.
    20 | D        | Found a white marble altar of Elyvilon.
    20 | D        | Found a shadowy altar of Dithmenos.
    20 | D        | Found a snail-covered altar of Cheibriados.
    22 | D        | Found a radiant altar of Vehumet.
    22 | D        | Found a corrupted altar of Lugonu.
    22 | D        | Found a roughly hewn altar of Beogh.
    76 | D        | Reached ** piety under Trog
    85 | D        | Reached XP level 2. HP: 19/20 MP: 2/2
    89 | D        | Reached *** piety under Trog
    96 | D        | Reached skill level 5 in Fighting
   103 | D        | Reached XP level 3. HP: 25/26 MP: 3/3
   111 | D        | Noticed a floating eye
   113 | D        | Paralysed by a floating eye for 3 turns
   121 | D        | Killed a floating eye
   121 | D        | Reached **** piety under Trog
   121 | D        | Reached skill level 1 in Stealth
   121 | D        | Reached XP level 4. HP: 16/34 MP: 4/4
   121 | D        | Reached XP level 5. HP: 18/38 MP: 5/5
   534 | D        | Reached ***** piety under Trog
   792 | D        | Noticed a deep elf mage
   801 | D        | Killed a deep elf mage
   801 | D        | Reached skill level 10 in Axes
   801 | D        | Reached skill level 5 in Dodging
   801 | D        | Reached XP level 6. HP: 47/47 MP: 6/6
   801 | D        | Reached XP level 7. HP: 51/51 MP: 7/7
   843 | D        | Noticed Prince Ribbit
   851 | D        | Received a gift from Trog
   851 | D        | Reached skill level 5 in Stealth
   860 | D        | Killed Prince Ribbit
   860 | D        | Reached skill level 10 in Fighting
   860 | D        | Reached XP level 8. HP: 48/57 MP: 8/8
   895 | D        | Noticed a freezing wraith
   895 | D        | Noticed an eight-headed hydra
   910 | D        | Slain by an eight-headed hydra

Vault maps used:
D:        pitsprint

Skill      XL: |  1  2  3  4  5  6  7 |
---------------+----------------------+-----
Axes           | 3 4 6 10 | 10.9
Fighting       | 4 5 7 9 10 | 10.1
Dodging        | 2 3 5 6 |  6.2
Armour         | 3 |  3.5
Stealth        | 1 4 5 |  5.6

Action                   |  1- 3 |  4- 6 |  7- 9 || total
-------------------------+-------+-------+-------++-------
Melee: Hand axe          |    37 |    46 |    12 ||    95
       Battleaxe         |       |       |     1 ||     1
Invok: Berserk           |       |     2 |     1 ||     3
       Brothers in Arms  |       |       |     3 ||     3
  Use: Potion            |       |     1 |     1 ||     2
 Stab: Sleeping          |     2 |     1 |       ||     3
  Eat: Chunk             |       |     1 |     2 ||     3
Armor: Animal skin       |     9 |     9 |     8 ||    26
Dodge: Dodged            |    20 |     9 |    14 ||    43

Table legend:
 A = Non-vault XP
 B = Vault XP
 C = Vault XP percentage of total XP
 D = Non-vault monster count
 E = Vault monster count
 F = Vault count percentage of total count
                 A         B        C        D         E       F
            +---------+---------+-------+---------+---------+-------
      Total |       0 |    1262 | 100.0 |       0 |      24 | 100.0
            +---------+---------+-------+---------+---------+-------
          D |       0 |    1262 | 100.0 |       0 |      24 | 100.0
            +---------+---------+-------+---------+---------+-------
